 Dungeon Crawl Stone Soup version 0.31-a0-496-g6f97920a28 (webtiles) character file.

Game seed: 15216028893055539866

153 AstroCodex24 the Chopper (level 5, -3/41 HPs)
             Began as a Vampire Fighter on Aug 8, 2023.
             Slain by Terence
             ... wielding a +2 flail of protection
              (7 damage)
             ... on level 3 of the Dungeon.
             The game lasted 00:02:11 (473 turns).

AstroCodex24 the Chopper (Vampire Fighter)           Turns: 473, Time: 00:02:12

Health: -3/41      AC:  6    Str: 17    XL:     5   Next: 12%
Magic:  5/5        EV:  9    Int: 11    God:
Gold:   36         SH:  4    Dex: 13    Spells: 4/4 levels left

rFire   . . .        a - +0 war axe
rCold   . . .        c - +0 buckler
rNeg    . . .        b - +0 scale mail
rPois   .            (no helmet)
rElec   .            (no cloak)
rCorr   .            (no gloves)
SInv    +            (no boots)
Will    .....        (no amulet) Stlth
                     (no ring)
HPRegen 0.46/turn    (no ring)
MPRegen 0.09/turn

%: no passive effects
@: healing quickly
A: alive, fangs 3, see invisible, vampiric 2
a: Exsanguinate


You were on level 3 of the Dungeon.
You visited 1 branch of the dungeon, and saw 4 of its levels.

You collected 36 gold pieces.

Inventory:

Hand Weapons
 a - a +0 war axe (weapon)
Armour
 b - a +0 scale mail (worn)
 c - a +0 buckler (worn)
Talismans
 h - a serpent talisman
Scrolls
 e - a scroll of silence {unknown}
 f - 2 scrolls of fog {unknown}
 g - a scroll of identify {unknown}
Potions
 d - a potion of might
 i - a potion of attraction {unknown}


   Skills:
 + Level 3.1 Fighting
 + Level 3.8 Axes
 + Level 2.8 Armour
 + Level 1.1 Dodging
 + Level 3.1 Shields


You had 4 spell levels left.
You didn't know any spells.
Your spell library was empty.

Dungeon Overview and Level Annotations

Branches:
Dungeon (4/15)
 Temple: D:4-7

Altars:

Annotations:
D:3 Terence


Innate Abilities, Weirdness & Mutations

Your natural rate of healing is accelerated.
You have razor-sharp teeth.
You have supernaturally acute eyesight. (SInv)
You are afflicted with vampirism and can become a bat while bloodless.


Message History

You slash the orc priest!
You kill the orc priest!
You barely miss the orc. The orc hits you with a +0 dagger.
Your Dodging skill increases to level 1!
You have reached level 5!
You feel clever.
You hit the orc.
You kill the orc!
You hit the worm.
Terence the Incautious comes into view.
He is wielding a +2 flail of protection.
Terence shouts!
You slash the worm!
The worm is severely wounded.
The worm bites you!
You completely miss the worm.
The worm is severely wounded.
The worm closely misses you.
You barely miss the worm.
The worm is heavily wounded.
The worm bites you.
You hit the worm.
The worm is heavily wounded.
The worm bites you.
* * * LOW HITPOINT WARNING * * *
You slash the worm!
The worm is almost dead.
The worm bites you.
* * * LOW HITPOINT WARNING * * *
You slash the worm!
You kill the worm!
You slash the orc!
You kill the orc!
You barely miss Terence. Terence misses you.
Terence hits you with a +2 flail of protection.
* * * LOW HITPOINT WARNING * * *
You hit Terence but do no damage. Terence barely misses you.
You hit Terence.
Terence is moderately wounded.
Terence hits you with a +2 flail of protection!
You die...

#. #. ..## #####.##
..## .....$## ..##
##.#...## #.#
#.....#.# #.# #
#.##..# #.##
#.##..#@## #†##
#.....)@# #...
####.#### #### #.##
# #..# # ##.# # #)#
# #.# # #.####
#########
#....#######........


You could see Terence.

Vanquished Creatures
  A scorpion (D:4)
  An orc priest (D:3)
  2 adders (D:2)
  2 worms
  4 dart slugs
  2 orcs (D:3)
  3 ball pythons
  3 endoplasms
  4 goblins
  2 hobgoblins (D:2)
  2 jackals (D:4)
  A quokka (D:2)
  A bat (D:2)
  A frilled lizard (D:2)
  4 rats
33 creatures vanquished.

Notes
Turn   | Place    | Note
-------+----------+-------------------------------------------
     0 | D:1      | AstroCodex24 the Vampire Fighter began the quest for the
                  | Orb.
     0 | D:1      | Reached XP level 1. HP: 17/17 MP: 1/1
    59 | D:2      | Reached XP level 2. HP: 20/23 MP: 2/2
   170 | D:2      | Gained mutation: You are afflicted with vampirism and can
                  | become a bat while bloodless. [Vampire growth]
   170 | D:2      | Reached XP level 3. HP: 25/28 MP: 3/3
   413 | D:4      | Noticed a scorpion
   423 | D:4      | Killed a scorpion
   424 | D:4      | Reached XP level 4. HP: 23/35 MP: 4/4
   463 | D:3      | Reached skill level 1 in Dodging
   463 | D:3      | Reached XP level 5. HP: 23/41 MP: 5/5
   463 | D:3      | Noticed Terence
   473 | D:3      | Slain by Terence

Illustrated notes

Levels and vault maps discovered:
D:1:      lightli_arrival_windingriver, layout_basic
D:2:      layout_rooms, dk_noncrumbling_2
D:3:      gammafunk_wand_slinger, layout_loops_cross,
          nicolae_overflow_crystal_walls, hangedman_feature_mirror,
          kennysheep_doodads, item_on_display_b, uniq_terence
D:4:      lemuel_castle_with_subvaults [lemuel_castle_interior_carwin_3],
          layout_basic, zin_academy, fedhas_altar_4,
          minmay_temple_entry_nine_rooms, gammafunk_ghost_gnarly_gnolls,
          minmay_misc_feat_roman, minmay_misc_feat_x

Skill      XL: |  1  2  3  4 |
---------------+-------------+-----
Axes           | 2 3 |  3.8
Shields        | 3 |  3.1
Fighting       | 3 |  3.1
Dodging        | 1 |  1.1
Armour         | |  2.8

Action                     |  1- 3 |  4- 6 || total
---------------------------+-------+-------++-------
  Melee: War axe           |    52 |    24 ||    76
         Bite              |     7 |     2 ||     9
 Armour: Scale mail        |    28 |     6 ||    34
  Dodge: Dodged            |    23 |    11 ||    34
  Block: Buckler           |    14 |     7 ||    21

Table legend: (Time is in decaauts)
 A = Elapsed time spent in this place.
 B = Non-inter-level travel time spent in this place.
 C = Inter-level travel time spent in this place.
 D = Time resting spent in this place.
 E = Time spent auto-exploring this place.
 F = Levels seen in this place.
 G = Mean time per level.
                   A        B        C        D        E       F      G
               +--------+--------+--------+--------+--------+-----+--------+
         Total |    511 |    501 |     10 |      0 |      0 |   4 |  127.8 |
       Dungeon |    511 |    501 |     10 |      0 |      0 |   4 |  127.8 |
               +--------+--------+--------+--------+--------+-----+--------+

Top non-repeatable levels by time:
     D:2: 293 daAuts
     D:3: 91 daAuts
     D:4: 70 daAuts
     D:1: 56 daAuts
